 Dungeon Crawl Stone Soup version 0.30.1 (webtiles) character file.

Game seed: 16040636580345270497

59347 diecastcamel the Spry (level 14, -2/98 (101) HPs)
             Began as a Merfolk Ice Elementalist on July 5, 2023.
             Was the Champion of Fedhas.
             Slain by a +5 halberd of chaos (10 damage)
             ... on level 5 of the Lair of Beasts on July 7, 2023.
             The game lasted 02:48:47 (22225 turns).

diecastcamel the Spry (Merfolk Ice Elementalist)   Turns: 22225, Time: 02:48:48

HP:   -2/98 (101)   AC: 15    Str: 14    XL:     14   Next: 94%
MP:   5/26          EV: 23    Int: 20    God:    Fedhas [******]
Gold: 1251          SH:  0    Dex: 16    Spells: 11/29 levels left

rFire   . . .        G - +5 spear (venom)
rCold   + . .        (no shield)
rNeg    . . .        c - +2 robe {Archmagi}
rPois   .            Q - +2 helmet
rElec   .            f - +0 cloak
rCorr   .            u - +2 pair of gloves
SInv    +            (no boots)
Will    +....        P - amulet of regeneration
Stlth   ++           h - +4 ring of protection
HPRegen 1.16/turn    W - ring of Kauv {rC+ Str+6 Dex+2 SInv}
MPRegen 0.20/turn

%: archmagi
@: mighty, lightly drained
A: (nimble swimmer 2), mertail
a: Renounce Religion, Wall of Briars, Grow Ballistomycete, Overgrow, Grow Oklob


You were on level 5 of the Lair of Beasts.
You worshipped Fedhas.
Fedhas was exalted by your worship.
You visited 2 branches of the dungeon, and saw 16 of its levels.
You also visited: Ossuary.

You collected 1412 gold pieces.
You spent 161 gold pieces at shops.

Inventory:

Hand Weapons
 D - a +1 whip of electrocution
 G - a +5 spear of venom (weapon)
Missiles
 d - 15 poisoned darts
Armour
 c - a +2 robe of the Archmagi (worn)
 f - a +0 cloak (worn)
 u - a +2 pair of gloves (worn)
 Q - a +2 helmet (worn)
Jewellery
 e - the amulet of Elemental Vulnerability {rPois rF-- rC-- AC+8}
   (You found it on level 1 of the Lair of Beasts)

   [amulet of nothing]

   AC:        It affects your AC (+8).
   rF:        It makes you very vulnerable to fire.
   rC:        It makes you very vulnerable to cold.
   rPois:     It protects you from poison.
 h - a +4 ring of protection (left hand)
 s - a ring of willpower
 w - a ring of positive energy
 E - a ring of protection from fire
 P - an amulet of regeneration (around neck)
 W - the ring of Kauv (right hand) {rC+ Str+6 Dex+2 SInv}
   (You acquired it on level 11 of the Dungeon)

   [ring of protection from cold]

   Str:       It affects your strength (+6).
   Dex:       It affects your dexterity (+2).
   rC:        It protects you from cold.
   SInv:      It lets you see invisible.
Wands
 l - a wand of light (14)
 y - a wand of digging (15)
 K - a wand of paralysis (10)
 O - a wand of flame (59)
 U - a wand of iceblast (6)
Scrolls
 a - 2 scrolls of vulnerability
 g - 4 scrolls of blinking
 i - 7 scrolls of teleportation
 j - 2 scrolls of enchant weapon
 m - 2 scrolls of brand weapon
 t - 3 scrolls of fog
 v - 2 scrolls of immolation
 B - 2 scrolls of magic mapping
 C - a scroll of summoning
 F - 4 scrolls of amnesia
 H - 2 scrolls of fear
 J - 2 scrolls of torment
 N - 2 scrolls of poison
Potions
 b - a potion of magic
 k - 6 potions of brilliance
 n - 8 potions of attraction
 o - 4 potions of mutation {unknown}
 p - 4 potions of invisibility {unknown}
 q - 6 potions of might
 r - 6 potions of curing
 x - 3 potions of lignification {unknown}
 z - 2 potions of haste {unknown}
 I - 7 potions of cancellation {unknown}
 L - 4 potions of flight {unknown}
 M - 3 potions of heal wounds {unknown}
 T - 2 potions of ambrosia {unknown}


   Skills:
 - Level 6.3 Fighting
 + Level 13.6 Polearms
 + Level 19.6 Dodging
 - Level 2.1 Stealth
 - Level 8.0 Spellcasting
 - Level 4.0 Summonings
 + Level 15.5 Ice Magic
 + Level 10.9 Invocations
 - Level 4.0 Evocations


You had 11 spell levels left.
You knew the following spells:

 Your Spells              Type           Power      Damage    Failure   Level
a - Freeze                Ice            100%       1d10      0%          1
b - Frozen Ramparts       Ice            100%       1d16      1%          3
c - Ozocubu's Armour      Ice            81%        N/A       1%          3
d - Summon Ice Beast      Ice/Summ       63%        N/A       1%          4
e - Ozocubu's Refrigerat  Ice            40%        4d16      12%         7

Your spell library contained the following spells:

 Spells                   Type           Power      Damage    Failure   Level
 Gell's Gravitas          Tloc           12%        N/A       26%         3
 Teleport Other           Tloc           12%        N/A       26%         3
 Volatile Blastmotes      Fire/Tloc      24%        2d12      26%         3
 Fulminant Prism          Conj/Hex       6%         3d7       63%         4
 Iskenderun's Mystic Bla  Conj/Tloc      12%        2d5       63%         4
 Manifold Assault         Tloc           12%        N/A       63%         4
 Lee's Rapid Deconstruct  Erth           6%         3d6*      93%         5
 Dispersal                Tloc           6%         N/A       100%        6
 Disjunction              Tloc           6%         N/A       100%        8


Dungeon Overview and Level Annotations

Branches:
Dungeon (11/15)            Temple (0/1) D:4            Lair (5/5) D:11
  Swamp (0/4) Lair:2        Snake (0/4) Lair:2        Slime (0/5) Lair:4
    Orc (0/2) D:11        Ossuary (visited)

Altars:
Dithmenos
Elyvilon
Fedhas
Makhleb
Qazlal
Sif Muna
Trog
Uskayaw
Vehumet
Wu Jian
Xom
Jiyva

Shops:
D:3 !   D:4 !   D:5 [

Annotations:
D:10 exclusion: door, Erolcha
Lair:2 3 runed translucent doors, woowoo's ghost, journeyman DrBe
Lair:5 LynnLen's ghost, journeyman SpEn


Innate Abilities, Weirdness & Mutations

((You are very nimble when in or above water. (Stealth+, EV+, Speed+++)))
Your lower body shifts to a powerful aquatic tail in water.


Message History

You could not reach far enough!
You reach to attack!
You hit the +5 halberd of chaos.
The +5 halberd of chaos is moderately damaged.
The +5 halberd of chaos completely resists.
The wall freezes the +5 halberd of chaos but does no damage.
The +5 halberd of chaos hits you from afar!!
The +5 halberd of chaos burns you.
Your ice beast hits the +5 halberd of chaos but does no damage.
Aiming: Bolt of Light
Press: ? - help, Shift-Dir - straight line, f/p - +5 halberd of chaos
Aim: a +5 halberd of chaos (moderately damaged, ally target, 48% to hit)
Okay, then.
Your frozen ramparts will break if you move.
Continue?
The frozen ramparts melt away as you move.
Something hits your ice beast!!! Something drains your ice beast!
Your ice beast dies!
Your ice beast disappears in a puff of smoke!
Aiming: Grow Ballistomycete (1% risk of failure)
Press: ? - help, Q - select action, (/) - cycle Dir - move target, p - +5 halberd of chaos A ballistomycete grows from the ground.
The +5 halberd of chaos hits you from afar!!
* * * LOW HITPOINT WARNING * * *
You feel very mighty all of a sudden.
The +5 halberd of chaos completely misses you.
The +5 halberd of chaos hits your ballistomycete!!
LynnLen's ghost gestures wildly while chanting.
LynnLen's ghost blinks!
A ballistomycete spore comes into view.
The +5 halberd of chaos hits your ballistomycete!!!
Your ballistomycete suddenly seems more resistant.
Your ballistomycete spore explodes!
Fedhas protects your plant from harm.
The explosion of spores engulfs the +5 halberd of chaos!!
The +5 halberd of chaos is almost destroyed.
A ballistomycete spore comes into view.
The +5 halberd of chaos hits you from afar!
* * * LOW HITPOINT WARNING * * *
Space warps horribly around you!
You die...
Fedhas appreciates your contribution to the ecosystem.

~~~≈~~.##....~.~..........#
~~~P~~.##...~.~.~........##
~≈~~~..######~.~##........##
≈≈~~≈~## #...#........#.#
~~~~~.# #.............##
~~~~..# ####.........P#
~.....## ####........##
.......#######.#.........##
..#....#...##*(.@.........#
........P.................##
.#P...#....#.####........#.#
##.....####### #........†.##
##.....#/## ##..........#
##....'_.# #P.........##
##...#$## ##.........#
#...### ##........# #.###
#.#P#..###


You could see a +5 halberd of chaos (ally target) and a friendly ballistomycete
spore.

Vanquished Creatures
  2 hydras
  2 catoblepae (Lair:5)
  A boulder beetle (Lair:4)
  11 death yaks
  3 two-headed ogres
  Urug (Lair:4)
  A fire crab (Lair:3)
  A skyshark (Lair:4)
  Lodul (D:11)
  Pikel (D:4)
  An ugly thing (D:8)
  9 black mambas
  4 elephants (Lair:5)
  2 torpor snails (Lair:3)
  An unseen horror (D:11)
  11 komodo dragons
  25 cane toads
  2 rime drakes
  2 trolls
  8 polar bears
  A hornet (D:10)
  A tyrant leech (Lair:5)
  25 blink frogs
  3 wyverns
  3 water elementals (D:10)
  25 yaks
  A vampire (D:9)
  A wraith (D:10)
  4 basilisks
  A steam dragon (D:8)
  5 vampire mosquitoes
  8 water moccasins
  3 acid dragons
  7 orc warriors
  2 ice beasts (D:6)
  A sky beast (D:7)
  20 wolves
  5 ogres
  2 centaurs (D:10)
  A lemure (D:4)
  A kobold brigand (D:11)
  An elf zombie (Ossuary)
  11 bullfrogs
  6 gnoll sergeants
  A scorpion (D:6)
  10 wights
  A troll zombie (Ossuary)
  A killer bee (D:10)
  A howler monkey (D:9)
  4 hounds
  An orc priest (D:10)
  A centaur zombie (Ossuary)
  6 jellies
  A gnoll bouda (D:7)
  Natasha (thrice) (D:3)
  Terence (D:3)
  10 iguanas
  7 orc wizards
  2 ogre zombies (Ossuary)
  A centaur simulacrum (D:10)
  A mummy (Ossuary)
  5 gnolls
  6 adders
  2 white imps
  3 adder zombies (Ossuary)
  2 worms
  20 orcs
  8 endoplasms
  2 giant cockroaches (D:1)
  A gnoll zombie (Ossuary)
  6 goblins
  5 hobgoblins
  6 jackals (D:4)
  13 kobolds
  3 quokkas
  5 ball pythons
  4 bats
  3 frilled lizards
  4 goblin zombies (Ossuary)
  7 hobgoblin zombies (Ossuary)
  4 kobold zombies (Ossuary)
  2 quokka zombies (Ossuary)
  6 rats
  3 rat zombies (Ossuary)
399 creatures vanquished.

Vanquished Creatures (collateral kills)
  A boulder beetle (D:11)
  A goliath frog (Lair:5)
  An elephant (Lair:5)
  2 black mambas
  2 cane toads
  A komodo dragon (Lair:2)
  3 tyrant leeches
  5 blink frogs
  A shadow (D:10)
  A water elemental (D:10)
  A basilisk (Lair:3)
  11 yaks
  A vampire mosquito (Lair:4)
  5 water moccasins
  An orc warrior (D:9)
  A swamp drake (D:11)
  2 black bears
  5 ogres (D:11)
  3 wolves
  2 centaurs
  5 bullfrogs
  A scorpion (D:6)
  2 wights (D:9)
  An electric eel (D:10)
  An orc priest (D:11)
  An iguana (D:7)
  An orc wizard (D:10)
  An ogre zombie (Ossuary)
  6 mummies (Ossuary)
  11 gnolls
  3 orcs
  4 ballistomycete spores
87 creatures vanquished.

Vanquished Creatures (others)
  An orc wizard (D:10)
1 creature vanquished.

Grand Total: 487 creatures vanquished

Notes
Turn   | Place    | Note
-------+----------+-------------------------------------------
     0 | D:1      | diecastcamel the Merfolk Ice Elementalist began the quest
                  | for the Orb.
     0 | D:1      | Reached XP level 1. HP: 13/13 MP: 3/3
   211 | D:1      | Reached skill level 3 in Dodging
   211 | D:1      | Reached XP level 2. HP: 10/19 MP: 0/5
   903 | D:1      | Reached skill level 1 in Polearms
   937 | D:1      | Reached XP level 3. HP: 24/24 MP: 4/6
   980 | D:1      | Learned a level 3 spell: Frozen Ramparts
  1381 | D:2      | Reached skill level 5 in Ice Magic
  1465 | D:2      | Learned a level 3 spell: Ozocubu's Armour
  1475 | D:2      | Reached XP level 4. HP: 30/30 MP: 4/8
  1900 | D:2      | Found a bloodstained altar of Trog.
  2455 | D:3      | Noticed Terence
  2460 | D:3      | Killed Terence
  2504 | D:3      | Noticed Natasha
  2516 | D:3      | Killed Natasha
  2517 | D:3      | Reached XP level 5. HP: 36/36 MP: 2/9
  2519 | D:3      | Noticed Natasha
  2525 | D:3      | Killed Natasha
  2568 | D:3      | Noticed Natasha
  2574 | D:2      | Reached skill level 1 in Fighting
  2687 | D:3      | Killed Natasha
  2929 | D:3      | Found a burning altar of Makhleb.
  2971 | D:3      | Found Maik's Distillery.
  3008 | D:3      | Found a blossoming altar of Fedhas.
  3148 | D:3      | Became a worshipper of Fedhas Madash
  3227 | D:4      | Reached XP level 6. HP: 44/44 MP: 5/11
  3282 | D:4      | Learned a level 4 spell: Summon Ice Beast
  3312 | D:4      | Found a staircase to the Ecumenical Temple.
  3629 | D:4      | Found Pit Biq's Distillery.
  3764 | D:4      | Found a white marble altar of Elyvilon.
  3940 | D:4      | Reached skill level 1 in Summonings
  4074 | D:4      | Noticed Pikel
  4106 | D:4      | Killed Pikel
  4107 | D:4      | Reached skill level 6 in Dodging
  4107 | D:4      | Reached XP level 7. HP: 10/50 MP: 1/13
  4107 | D:4      | Reached XP level 8. HP: 11/56 MP: 1/14
  4593 | D:5      | Entered Level 5 of the Dungeon
  4788 | D:5      | Found Vaffuare's Antique Armour Boutique.
  4793 | D:5      | Bought a bloodstained leather armour for 161 gold pieces
  4793 | D:5      | Identified the +2 leather armour of the Fife {rC++ Slay-5}
                  | (You bought it in a shop on level 5 of the Dungeon)
  5322 | D:5      | Reached * piety under Fedhas
  5324 | D:5      | Reached skill level 7 in Dodging
  5450 | D:5      | Found a shimmering blue altar of Sif Muna.
  6060 | D:6      | Reached skill level 8 in Dodging
  6060 | D:6      | Reached skill level 5 in Spellcasting
  6101 | D:6      | Noticed a cyclops
  6320 | D:6      | Noticed a yak
  6320 | D:6      | Noticed a yak
  6340 | D:6      | Killed a yak
  6341 | D:6      | Reached XP level 9. HP: 61/61 MP: 6/16
  6361 | D:6      | Reached skill level 9 in Dodging
  6917 | D:7      | Reached skill level 10 in Ice Magic
  7106 | D:7      | Reached skill level 10 in Dodging
  7159 | D:7      | Reached skill level 1 in Invocations
  7289 | D:7      | Found a stormy altar of Qazlal.
  7314 | D:7      | Reached ** piety under Fedhas
  7932 | D:8      | Found a sand-covered staircase.
  7938 | Ossuary  | Entered an ossuary
  9067 | D:8      | Found a shadowy altar of Dithmenos.
  9097 | D:8      | Reached skill level 11 in Dodging
  9097 | D:8      | Reached skill level 1 in Evocations
  9176 | D:8      | Reached XP level 10. HP: 69/71 MP: 4/17
  9362 | D:8      | Reached *** piety under Fedhas
  9705 | D:8      | Noticed a red ugly thing
  9967 | D:8      | Killed a red ugly thing
 10036 | D:9      | Reached skill level 12 in Dodging
 10443 | D:9      | Found a hazy altar of Hepliaklqana.
 10446 | D:9      | Found an ornate altar of the Wu Jian Council.
 10446 | D:9      | Found a blossoming altar of Fedhas.
 10448 | D:9      | Found a radiant altar of Vehumet.
 10448 | D:9      | Found a shimmering altar of Xom.
 10448 | D:9      | Found a shimmering altar of Xom.
 10587 | D:9      | Found an ornate altar of the Wu Jian Council.
 10692 | D:10     | Entered Level 10 of the Dungeon
 10801 | D:10     | Found a radiant altar of Vehumet.
 10824 | D:10     | Noticed Erolcha
 10845 | D:10     | Noticed a two-headed ogre
 11356 | D:10     | Noticed a two-headed ogre
 11842 | D:10     | Reached skill level 13 in Dodging
 11842 | D:10     | Reached skill level 5 in Invocations
 11847 | D:10     | Reached skill level 5 in Polearms
 11847 | D:10     | Reached XP level 11. HP: 77/77 MP: 9/19
 11922 | D:10     | Killed a two-headed ogre
 12067 | D:10     | Killed a two-headed ogre
 12071 | D:10     | Reached **** piety under Fedhas
 12336 | D:10     | Reached skill level 14 in Dodging
 13045 | D:11     | Noticed Lodul
 13093 | D:11     | Killed Lodul
 13198 | D:11     | Identified a scroll of acquirement
 13198 | D:11     | Acquired the ring of Kauv {rC+ Str+6 Dex+2 SInv}
 13387 | D:11     | Found a staircase to the Lair.
 13916 | D:11     | Found a staircase to the Orcish Mines.
 13923 | D:11     | Noticed a boulder beetle
 13941 | D:11     | Killed a boulder beetle
 13942 | D:11     | Reached skill level 15 in Dodging
 14010 | D:11     | Reached XP level 12. HP: 79/83 MP: 5/22
 14198 | D:11     | Noticed a two-headed ogre
 14204 | D:11     | Killed a two-headed ogre
 14456 | Lair:1   | Entered Level 1 of the Lair of Beasts
 14568 | Lair:1   | Reached ***** piety under Fedhas
 15091 | Lair:1   | Found the amulet of Elemental Vulnerability {rPois rF--
                  | rC-- AC+8}
 15205 | Lair:1   | Identified the +7 short sword "Vueje" {drain, rC+}
 15245 | Lair:1   | Reached skill level 16 in Dodging
 15729 | Lair:2   | Found a staircase to the Snake Pit.
 15903 | Lair:2   | Noticed a skyshark
 16597 | Lair:2   | Reached skill level 17 in Dodging
 16672 | Lair:2   | Found a staircase to the Swamp.
 16688 | Lair:2   | Found a runed translucent gate.
 16688 | Lair:2   | Found a runed translucent gate.
 16688 | Lair:2   | Found a runed translucent gate.
 16688 | Lair:2   | Noticed an eight-headed hydra
 16690 | Lair:2   | Noticed a five-headed hydra
 16690 | Lair:2   | Noticed a minotaur
 16692 | Lair:2   | Noticed woowoo's ghost (journeyman DrBe)
 17198 | Lair:3   | Learned a level 7 spell: Ozocubu's Refrigeration
 17318 | Lair:3   | Reached XP level 13. HP: 88/88 MP: 18/25
 17347 | Lair:3   | Identified the +7 chain mail of Minor Irritation {rC+}
 17433 | Lair:3   | Reached skill level 10 in Polearms
 17447 | Lair:3   | Identified the +1 dagger of Onued {freeze, rElec}
 18124 | Lair:3   | Reached skill level 18 in Dodging
 18833 | Lair:4   | Noticed Urug
 18851 | Lair:4   | Killed Urug
 19248 | Lair:4   | Found a staircase to the Slime Pits.
 19249 | Lair:4   | Found a viscous altar of Jiyva.
 19276 | Lair:4   | Reached skill level 5 in Fighting
 19361 | Lair:4   | Reached ****** piety under Fedhas
 19372 | Lair:4   | Reached XP level 14. HP: 82/98 MP: 15/26
 19796 | Lair:5   | Entered Level 5 of the Lair of Beasts
 19796 | Lair:5   | Found a hide-covered altar of Uskayaw.
 20132 | Lair:4   | Reached skill level 15 in Ice Magic
 20341 | Lair:4   | Reached skill level 10 in Invocations
 20398 | Lair:4   | Reached skill level 19 in Dodging
 20478 | Lair:5   | Found an ornate altar of the Wu Jian Council.
 21599 | Lair:5   | Found a runed translucent door.
 21599 | Lair:5   | Found a shimmering altar of Xom.
 21599 | Lair:5   | Noticed LynnLen's ghost (journeyman SpEn)
 22225 | Lair:5   | Slain by a +5 halberd of chaos

Illustrated notes

Levels and vault maps discovered:
D:1:      dpeg_arrival_refuge, layout_basic
D:2:      layout_basic, basic_altar
D:3:      layout_rooms, fedhas_altar_fruit_tree, nicolae_overflow_crystal_walls,
          serial_shops, nicolae_shop_real_fake_doors, uniq_terence, uniq_natasha
D:4:      layout_cave_pools, nicolae_elyvilon_temple_path,
          minmay_temple_entry_tees, serial_shops, shop, minmay_manual_mail,
          uniq_pikel
D:5:      layout_basic, nicolae_overflow_hidden_temple, serial_shops,
          nicolae_shop_tiny_glass
D:6:      layout_gridville, lightli_corner_chamber
D:7:      layout_gridville, mainiacjoe_overflow_tiny_flanked
D:8:      layout_loops_ring, grunt_dithmenos_smoke_and_mirrors,
          nicolae_ossuary_entry_plus
D:9:      layout_rooms, marbit_many_paths, doesnt_xom_only_xom
D:10:     nzn_winding_woodlands_stair_cross [nzn_winding_woodlands_5x15_zeroes,
          nzn_winding_woodlands_center_garden,
          nzn_winding_woodlands_5x15_pockets,
          nzn_winding_woodlands_5x5_closed_star,
          nzn_winding_woodlands_5x5_perimeter,
          nzn_winding_woodlands_5x15_river_crossing,
          nzn_winding_woodlands_center_lodge,
          nzn_winding_woodlands_5x15_crooked], layout_gridville,
          mainiacjoe_overflow_24_doors, dancing_weapons_uskayaw,
          nicolae_underground_beach, uniq_gastronok, uniq_erolcha
D:11:     layout_roguey, erik_lair_dragon,
          kennysheep_orc_monster_closet_entryway, uniq_lodul
Lair:1:   layout_big_grid, grunt_megastairs_2
Lair:2:   layout_regular_city, swamp_mist, minmay_snake_entry_six_corridors,
          maelrawn_ghost_gauntlet_escape, cheibrodos_lair_lostbears
Lair:3:   layout_misc_corridors, st_stairs_3, minmay_shattered_shrine,
          serial_bayou_shore_a
Lair:4:   layout_gridlike, slime_entry_1, uniq_urug
Lair:5:   minmay_lair_end_frog_pond, layout_big_grid, ebering_ghost_xom,
          nzn_masters_of_martial_movement

Skill      XL: |  1  2  3  4  5  6  7  8  9 10 11 12 13 14 |
---------------+-------------------------------------------+-----
Dodging        | 3 6 8 11 13 15 17 18 19 | 19.6
Polearms       | 1 2 5 7 9 11 13 | 13.6
Ice Magic      | 5 6 7 9 10 12 13 14 15 | 15.5
Spellcasting   | 3 4 5 6 8 |  8.0
Fighting       | 1 2 3 4 5 6 |  6.3
Summonings     | 2 3 4 |  4.0
Invocations    | 2 5 6 7 9 10 | 10.9
Evocations     | 1 3 4 |  4.0
Stealth        | |  2.1

Action                     |  1- 3 |  4- 6 |  7- 9 | 10-12 | 13-15 || total
---------------------------+-------+-------+-------+-------+-------++-------
  Melee: Short sword       |     6 |    76 |       |       |       ||    82
         Unarmed           |     1 |       |       |       |       ||     1
         Spear             |    10 |     3 |   125 |   416 |   839 ||  1393
         Punch             |       |     1 |     5 |     5 |    16 ||    27
         Whip              |       |       |    90 |       |       ||    90
         Tailslap          |       |       |       |       |     4 ||     4
  Throw: Stone             |     4 |     3 |     8 |     1 |       ||    16
         Dart              |       |     4 |    14 |     5 |       ||    23
   Cast: Freeze            |    41 |    12 |       |       |       ||    53
         Frozen Ramparts   |     5 |    29 |    58 |    86 |    64 ||   242
         Ozocubu's Armour  |       |     7 |    11 |    38 |    26 ||    82
         Summon Ice Beast  |       |       |    20 |    64 |    48 ||   132
         Ozocubu's Refrige |       |       |       |       |     2 ||     2
 Invoke: Wall of Briars    |       |       |     1 |     3 |       ||     4
         Grow Ballistomyce |       |       |       |       |     3 ||     3
  Evoke: Wand              |       |       |       |       |     1 ||     1
    Use: Scroll            |       |     3 |     9 |    13 |     3 ||    28
         Potion            |       |       |       |       |     2 ||     2
   Stab: Sleeping          |       |       |     1 |       |       ||     1
         Distracted        |       |       |       |     1 |     6 ||     7
         Confused          |       |       |       |       |     1 ||     1
 Armour: Leather armour    |    11 |       |       |       |       ||    11
         Robe              |       |    19 |    58 |    70 |   175 ||   322
         Troll leather arm |       |       |       |     7 |       ||     7
  Dodge: Dodged            |    24 |    44 |   120 |   251 |   652 ||  1091
